 Dungeon Crawl Stone Soup version 0.20.0-10-g0535bb4 (webtiles) character file.

84 Gobbopathe the Grave Robber (level 4, -8/30 HPs)
             Began as a Vampire Necromancer on June 7, 2017.
             Mangled by a gnoll
             ... wielding a cursed -2 flail
              (14 damage)
             ... on level 3 of the Dungeon.
             The game lasted 00:05:52 (2843 turns).

Gobbopathe the Grave Robber (Vampire Necromancer)   Turns: 2843, Time: 00:05:53

Health: -8/30      AC:  3    Str:  7    XL:     4   Next: 23%
Magic:  0/7        EV: 12    Int: 18    God:
Gold:   189        SH:  0    Dex: 14    Spells: 4/8 levels left

rFire    . . .     SeeInvis +   b - +0 hand axe
rCold    + . .     Gourm    .   (no shield)
rNeg     + + .     Faith    .   p - +0 leather armour
rPois    +         Spirit   .   (no helmet)
rElec    .         Reflect  .   (no cloak)
rCorr    .         Harm     .   (no gloves)
MR       .....                  (no boots)
Stlth    +++.......             (no amulet)
Regen    0.1/turn               (no ring)
MPRegen  0.1/turn               (no ring)

@: very slightly contaminated, regenerating slowly
A: fangs 3, see invisible, unbreathing
a: Bat Form


You were on level 3 of the Dungeon.
You were very thirsty.

You visited 1 branch of the dungeon, and saw 3 of its levels.

You collected 189 gold pieces.

Inventory:

Hand Weapons
 a - a +0 dagger
 b - a +0 hand axe (weapon)
Missiles
 o - 2 poisoned javelins (quivered)
 q - 7 javelins
Armour
 g - a +0 robe
 h - a cursed +0 ring mail
 p - a +0 leather armour (worn)
Scrolls
 d - 2 scrolls of identify {unknown}
 e - 2 scrolls of enchant weapon {unknown}
 l - a scroll of fear {unknown}
 m - a scroll of teleportation {unknown}
 n - a scroll of remove curse {unknown}
Potions
 c - 15 potions of blood
 f - 2 potions of curing {unknown}
 j - 2 potions of might {unknown}
 k - a potion of brilliance {unknown}
 r - a potion of agility {unknown}
Books
 i - a book of Necromancy

   Spells                             Type                      Level
   a - Pain                           Necromancy                   1
   b - Animate Skeleton               Necromancy                   1
   c - Vampiric Draining              Necromancy                   3
   d - Regeneration                   Charms/Necromancy            3
   e - Animate Dead                   Necromancy                   4
   f - Control Undead                 Necromancy                   4


   Skills:
 * Level 1.6 Short Blades
 - Level 2.1 Dodging
 + Level 4.2 Stealth
 + Level 2.5 Spellcasting
 * Level 5.2 Necromancy


You had 4 spell levels left.
You knew the following spells:

 Your Spells              Type           Power        Failure   Level  Hunger
a - Pain                  Necr           ###.         3%          1    #......
b - Vampiric Draining     Necr           ###.......   9%          3    ###....


Dungeon Overview and Level Annotations

Branches:
Dungeon (3/15)

Altars:
Makhleb
Ru
Zin
The Shining One


Innate Abilities, Weirdness & Mutations

You heal slowly.
You have razor-sharp teeth.
You have supernaturally acute eyesight. (SInv)
You can survive without breathing.


Message History

Press: ? - help, Shift-Dir - straight line, f/p - gnoll
Aim: a gnoll, wielding a whip (lightly wounded, chance to defeat MR: 86%)
The gnoll writhes in agony!
Casting: Pain
Confirm with . or Enter, or press ? or * to list all spells.
Aiming: Vampiric Draining
Press: ? - help, Shift-Dir - straight line, f - gnoll, p - gnoll
Aim: a gnoll, wielding a flail (severely wounded)
You miscast Vampiric Draining.
You are very lightly contaminated with residual magic.
You feel very uncomfortable. The gnoll barely misses you.
Casting: Vampiric Draining
Confirm with . or Enter, or press ? or * to list all spells.
Aiming: Vampiric Draining
Press: ? - help, Shift-Dir - straight line, f/p - gnoll
Aim: a gnoll, wielding a flail (severely wounded)
You miscast Vampiric Draining.
You shiver with cold.
You are feeling very thirsty.
The gnoll hits you with a flail!
You die...

.##...#.#####.......##...........
.........# #..###..##........##.
.........# #..# #..##.#).###.##.
.........####..###..#.###.# #.##.
.......................#..###.##.
...............###...............
.%.......####......)......###....
.................................
.........#######@##....#.########
.........# #g#######.# ##########
#g........ ##########


You could see 2 gnolls.

Vanquished Creatures
  A gnoll (D:3)
  3 adders (D:2)
  2 oozes
  3 dart slugs (D:1)
  5 bats
  2 goblins (D:1)
  6 hobgoblins
  A ball python (D:2)
  2 frilled lizards
  7 kobolds
  4 rats
36 creatures vanquished.

Notes
Turn   | Place    | Note
-------+----------+-------------------------------------------
     0 | D:1      | Gobbopathe the Vampire Necromancer began the quest for the Orb.
     0 | D:1      | Reached XP level 1. HP: 13/13 MP: 3/3
   262 | D:1      | Reached XP level 2. HP: 9/19 MP: 0/5
  1300 | D:2      | Reached XP level 3. HP: 16/24 MP: 0/6
  1305 | D:2      | Learned a level 3 spell: Vampiric Draining
  1579 | D:2      | Reached skill level 1 in Short Blades
  1579 | D:2      | Reached skill level 5 in Necromancy
  1829 | D:2      | Found a burning altar of Makhleb.
  1879 | D:2      | Found a glowing silver altar of Zin.
  1879 | D:2      | Noticed an angel
  1880 | D:2      | Noticed an Executioner
  2655 | D:3      | Found a sacrificial altar of Ru.
  2655 | D:3      | Found a glowing golden altar of the Shining One.
  2704 | D:3      | Reached XP level 4. HP: 30/30 MP: 7/7
  2843 | D:3      | Mangled by a gnoll

Skill      XL: |  1  2  3 |
---------------+----------+-----
Short Blades   | 1 |  1.6
Necromancy     | 5 |  5.2
Stealth        | 4 |  4.2
Dodging        | |  2.1
Spellcasting   | |  2.5

Action                   |  1- 3 |  4- 6 || total
-------------------------+-------+-------++-------
Melee: Unarmed           |    11 |       ||    11
       Dagger            |    17 |    12 ||    29
       Hand axe          |     1 |     9 ||    10
       Bite              |       |     4 ||     4
 Cast: Pain              |    53 |     2 ||    55
  Use: Potion            |     4 |       ||     4
 Stab: Sleeping          |     5 |     1 ||     6
Armor: Robe              |     2 |       ||     2
       Leather armour    |       |     2 ||     2
Dodge: Dodged            |    14 |    14 ||    28
